 Dungeon Crawl Stone Soup version 0.26-a0-774-g1415c89e12 (webtiles) character file.

Game seed: 11450780331585588933

209 Kinoniko the Chopper (level 5, -3/47 HPs)
             Began as a Draconian Monk on Nov 9, 2020.
             Slain by Edmund
             ... wielding a +3 dire flail of protection
              (7 damage)
             ... on level 4 of the Dungeon.
             The game lasted 00:04:14 (3658 turns).

Kinoniko the Chopper (Draconian Monk)               Turns: 3658, Time: 00:04:15

Health: -3/47      AC:  9    Str: 12 (14) XL:     5   Next: 55%
Magic:  5/5        EV: 13    Int:  8 (11) God:
Gold:   160        SH:  0    Dex: 13      Spells: 4/4 levels left

rFire    . . .     SeeInvis .   a - +0 hand axe
rCold    . . .     Faith    .   (no shield)
rNeg     . . .     Spirit   .   (armour unavailable)
rPois    +         Reflect  .   (helmet restricted)
rElec    .         Harm     .   h - +0 cloak
rCorr    .         Rampage  .   i - +2 pair of gloves
MR       .....                  (no boots)
Stlth    ++........             (no amulet)
HPRegen  0.15/turn              j - ring of poison resistance
MPRegen  0.09/turn              (no ring)

@: no status effects
A: unfitting armour, cold-blooded, AC +5
a: no special abilities


You were on level 4 of the Dungeon.
You visited 1 branch of the dungeon, and saw 4 of its levels.

You collected 160 gold pieces.

Inventory:

Hand Weapons
 a - a +0 hand axe (weapon)
 o - a cursed +0 mace
 r - a +0 mace of holy wrath
Armour
 h - a +0 cloak (worn)
 i - a +2 pair of gloves (worn)
Jewellery
 j - a ring of poison resistance (left hand)
Wands
 m - a wand of enslavement (8)
Scrolls
 g - 3 scrolls of remove curse
 n - a scroll of amnesia
Potions
 b - a potion of lignification {unknown}
 c - 2 potions of degeneration


   Skills:
 + Level 4.4 Fighting
 * Level 4.9 Axes
 + Level 3.6 Dodging
 - Level 1.7 Stealth


You had 4 spell levels left.
You didn't know any spells.
Your spell library was empty.

Dungeon Overview and Level Annotations

Branches:
Dungeon (4/15)
 Temple: D:4-7

Altars:
Cheibriados
Fedhas
Sif Muna
Trog
Zin

Annotations:
D:4 Edmund


Innate Abilities, Weirdness & Mutations

Your plain brown scales are hard. (AC +5)
You cannot fit into any form of body armour.
You are cold-blooded and may be slowed by cold attacks.


Message History

You slash the adder!
You kill the adder!
You closely miss Edmund. You barely miss the adder.
The adder barely misses you.
Edmund hits you with a +3 dire flail of protection!
The adder barely misses you.
You are too injured to fight recklessly!
Edmund hits you with a +3 dire flail of protection!
* * * LOW HITPOINT WARNING * * *
Unknown command.
You are too injured to fight recklessly!
Unknown command.
You hit Edmund but do no damage. You miss the adder. The adder misses you.
Edmund hits you with a +3 dire flail of protection.
* * * LOW HITPOINT WARNING * * *
You hit Edmund.
Edmund is lightly wounded.
You closely miss the adder. The adder closely misses you.
Edmund hits you with a +3 dire flail of protection!
You die...

******.........#,*.##*,*...#
*,,,,,,.....#..####.##*#.#.#
*,****,*,#......##.8.##.##.#
*,* *,*,#.......##.##.#*#.#
*,* *,*,##...###..#...###.##
*,* *,*,*#>..# #............
*,* #.#.##...###..#.#.###.#.
*,* #..?...@†.>.....#.# #.#.
*,* *######@S.....###.# #..(
*,* #.#...### #.# #..# *,*
#.#...# #.###...
*,*********#.##.## #.......
*,,,,,,,,,,...,.# ######.#
***********###*## #.# #.#
#.# #.@


You could see Edmund and an adder.

Vanquished Creatures
  Crazy Yiuf (D:3)
  Terence (D:3)
  Natasha (twice) (D:3)
  A worker ant (D:4)
  3 adders
  2 dart slugs (D:1)
  3 leopard geckos
  A ball python (D:3)
  3 bats
  4 giant cockroaches
  5 goblins
  5 hobgoblins
  6 jackals (D:1)
  7 frilled lizards
  2 kobolds (D:2)
  4 rats
50 creatures vanquished.

Vanquished Creatures (others)
  9 fungi (D:4)
  A plant (D:4)
10 creatures vanquished.

Grand Total: 60 creatures vanquished

Notes
Turn   | Place    | Note
-------+----------+-------------------------------------------
     0 | D:1      | Kinoniko the Draconian Monk began the quest for the Orb.
     0 | D:1      | Reached XP level 1. HP: 19/19 MP: 1/1
   296 | D:1      | Reached XP level 2. HP: 26/26 MP: 2/2
  1311 | D:2      | Reached XP level 3. HP: 31/33 MP: 3/3
  1804 | D:2      | Found a shimmering blue altar of Sif Muna.
  1875 | D:2      | Found a glowing silver altar of Zin.
  1875 | D:2      | Noticed an angel
  1968 | D:2      | Found a bloodstained altar of Trog.
  2024 | D:3      | Noticed Terence
  2041 | D:3      | Killed Terence
  2041 | D:3      | Reached XP level 4. HP: 40/40 MP: 4/4
  2058 | D:3      | Noticed Natasha
  2074 | D:3      | Killed Natasha
  2471 | D:3      | Noticed Natasha
  2479 | D:3      | Killed Natasha
  2479 | D:3      | Reached XP level 5. HP: 40/46 MP: 5/5
  2539 | D:3      | Found a runed translucent door.
  2552 | D:3      | Noticed Crazy Yiuf
  2561 | D:3      | Killed Crazy Yiuf
  2933 | D:4      | Found a snail-covered altar of Cheibriados.
  2938 | D:4      | Noticed a phantom
  3252 | D:4      | Noticed Edmund
  3572 | D:4      | Found a blossoming altar of Fedhas.
  3658 | D:4      | Slain by Edmund

Illustrated notes

Levels and vault maps discovered:
D:1:      matt_arrival_grand_opening, layout_basic, grunt_decor_fettered,
          solitary_fountain
D:2:      layout_loops_ring, lemuel_blue_sif_altar, zin_angel,
          lightli_temple_of_fire
D:3:      layout_loops_ring, uniq_terence, uniq_natasha, uniq_crazy_yiuf_cottage
D:4:      layout_loops_ring, fedhas_altar_3, lemuel_round_altar,
          grunt_decor_mini_mirrors, eino_tiny_chamber, uniq_edmund

Skill      XL: |  1  2  3 |
---------------+----------+-----
Dodging        | 3 |  3.6
Fighting       | 4 |  4.4
Axes           | 4 |  4.9
Stealth        | |  1.7

Action                   |  1- 3 |  4- 6 || total
-------------------------+-------+-------++-------
Melee: Hand axe          |   138 |   109 ||   247
       Tailslap          |    16 |    11 ||    27
Evoke: Wand              |       |     1 ||     1
  Use: Scroll            |     2 |     9 ||    11
       Potion            |       |     4 ||     4
 Stab: Sleeping          |     2 |     2 ||     4
Armor: Skin              |    29 |    38 ||    67
Dodge: Dodged            |   119 |    72 ||   191

Table legend: (Time is in decaauts)
 A = Elapsed time spent in this place.
 B = Non-inter-level travel time spent in this place.
 C = Inter-level travel time spent in this place.
 D = Time resting spent in this place.
 E = Time spent auto-exploring this place.
 F = Levels seen in this place.
 G = Mean time per level.
                   A        B        C        D        E       F      G
               +--------+--------+--------+--------+--------+-----+--------+
         Total |   3682 |   3501 |    181 |    921 |   2022 |   4 |  920.5 |
       Dungeon |   3682 |   3501 |    181 |    921 |   2022 |   4 |  920.5 |
               +--------+--------+--------+--------+--------+-----+--------+

Top non-repeatable levels by time:
     D:1: 1294 daAuts
     D:3: 907 daAuts
     D:4: 768 daAuts
     D:2: 712 daAuts
